 Dungeon Crawl Stone Soup version 0.28.0 (webtiles) character file.

Game seed: 14025617458389664236

12173 Host24 the Quickloader (level 12, -1/80 HPs)
             Began as a Kobold Hunter on Mar 2, 2022.
             Was an Elder of Okawaru.
             Engulfed by an ice statue's freezing vapour (12 damage)
             ... in an ice cave.
             The game lasted 01:06:25 (21215 turns).

Host24 the Quickloader (Kobold Hunter)             Turns: 21215, Time: 01:06:26

Health: -1/80      AC: 15    Str: 17 (19) XL:     12   Next: 16%
Magic:  18/18      EV: 19    Int: 12 (13) God:    Okawaru [****..]
Gold:   717        SH:  0    Dex: 15 (18) Spells: 11/11 levels left

rFire   . . .      SeeInvis .   z - +3 dagger "Wonudow" {vorpal, Dex+2}
rCold   + . .      Faith    .   (no shield)
rNeg    . . .      Spirit   .   P - +2 scale mail {rC+}
rPois   .          Reflect  .   p - +0 helmet
rElec   .          Harm     .   m - +0 cloak
rCorr   .          Rampage  .   (no gloves)
Will    .....                   (no boots)
Stlth   ++++......              i - amulet of regeneration
HPRegen 1.03/turn               l - +4 ring of protection
MPRegen 0.16/turn               W - +6 ring of strength

@: heroic, finesse-ful, slowed, very slow
A: small, no large weapons, nightstalker 3
a: Renounce Religion, Heroism, Finesse


You were in an ice cave.
You worshipped Okawaru.
Okawaru was greatly pleased with you.
You visited 3 branches of the dungeon, and saw 14 of its levels.
You also visited: Ice Cave.

You collected 717 gold pieces.

Inventory:

Hand Weapons
 a - a +1 hand crossbow
 z - the +3 dagger "Wonudow" (weapon) {vorpal, Dex+2}
   (You found it on level 5 of the Dungeon)

   It inflicts extra damage upon your enemies.
   Dex:       It affects your dexterity (+2).
 U - a +2 whip of venom
Missiles
 f - 241 stones (quivered)
 h - 151 arrows
 s - 3 javelins
 u - 6 boomerangs
 B - 64 sling bullets
 N - 4 curare-tipped darts
 O - 38 poisoned darts
 S - 4 large rocks
Armour
 m - a +0 cloak (worn)
 p - a +0 helmet (worn)
 E - a +2 robe of fire resistance
 F - the +0 scale mail of Zial {-Tele rN+++ Str-4 Int+3}
   (You found it on level 7 of the Dungeon)

   Str:       It affects your strength (-4).
   Int:       It affects your intelligence (+3).
   rN:        It renders you almost immune to negative energy.
   -Tele:     It prevents most forms of teleportation.
 P - a +2 scale mail of cold resistance (worn)
Jewellery
 i - an amulet of regeneration (around neck)
 l - a +4 ring of protection (left hand)
 n - a ring of resist corrosion
 t - a ring of magical power
 v - a ring of positive energy
 K - an amulet of magic regeneration
 W - a +6 ring of strength (right hand)
Wands
 G - a wand of flame (15)
 M - a wand of digging (1)
 V - a wand of polymorph (8)
Scrolls
 j - a scroll of teleportation
 x - a scroll of magic mapping
 y - 2 scrolls of amnesia
 D - 4 scrolls of vulnerability
 H - a scroll of immolation
 I - a scroll of fear
 J - a scroll of acquirement
 Q - a scroll of silence
Potions
 b - 4 potions of degeneration
 c - 2 potions of might
 e - 3 potions of berserk rage
 g - 3 potions of attraction
 k - a potion of flight
 o - a potion of magic
 w - 2 potions of curing
 A - a potion of brilliance
 C - a potion of cancellation
 L - a potion of invisibility
 R - a potion of haste


   Skills:
 + Level 11.3(16.3) Fighting
 - Level 13.0(18.0) Crossbows
 - Level 10.0(15.0) Dodging
 - Level 6.2(11.2) Stealth
 - Level 8.4 Invocations


You had 11 spell levels left.
You didn't know any spells.
Your spell library contained the following spells:

 Spells                   Type           Power      Damage    Failure   Level
 Magic Dart               Conj           0%         1d3       71%         1
 Mephitic Cloud           Conj/Pois/Air  0%         N/A       97%         3
 Call Imp                 Summ           Unusable   N/A       N/A         2

Dungeon Overview and Level Annotations

Branches:
Dungeon (11/15)            Temple (1/1) D:4            Lair (2/6) D:10
  IceCv (1/1)
  Swamp: Lair:2-4    Shoals: Lair:2-4     Snake: Lair:2-4    Spider: Lair:2-4
    Orc: D:9-12

Altars:
Ashenzari
Cheibriados
Dithmenos
Elyvilon
Fedhas
Gozag
Hepliaklqana
Kikubaaqudgha
Makhleb
Nemelex Xobeh
Okawaru
Qazlal
Ru
Sif Muna
Trog
Uskayaw
Vehumet
Wu Jian
Xom
Yredelemnul
Zin
The Shining One

Shops:
D:2 [*:!   D:11 :

Annotations:
D:5 Blork the orc, Dowan, Duvessa
D:8 Joseph
D:10 Erolcha
D:11 Maurice IceCv exclusion: 2 ice statues


Innate Abilities, Weirdness & Mutations

You are small and have problems with some larger weapons.
You are completely attuned to the shadows.


Message History

The freezing blast engulfs the freezing wraith.
The freezing wraith completely resists.
You hit the freezing wraith but do no damage.
The freezing wraith is moderately damaged.
You are engulfed in freezing vapours.
You resist.
You hit the freezing wraith but do no damage.
The freezing wraith is moderately damaged.
You are engulfed in freezing vapours.
You resist. The freezing wraith barely misses you.
The freezing wraith closely misses you. The ice beast misses you.
You hit the freezing wraith but do no damage.
The freezing wraith is moderately damaged.
You are engulfed in freezing vapours.
You resist.
You hit the freezing wraith.
The freezing wraith is moderately damaged.
You are engulfed in freezing vapours.
You resist.
* * * LOW HITPOINT WARNING * * *
The freezing wraith misses you.
The freezing wraith hits you but does no damage.
You hit the freezing wraith.
The freezing wraith is heavily damaged.
You are engulfed in freezing vapours.
You resist.
* * * LOW HITPOINT WARNING * * *
The ice beast closely misses you.
You feel much better.
You are engulfed in freezing vapours.
You resist.
The freezing wraith hits you but does no damage.
The freezing wraith completely misses you.
The ice beast misses you.
You feel much better.
You are engulfed in freezing vapours.
You resist. The freezing wraith hits you! The freezing wraith freezes you!
You resist.
* * * LOW HITPOINT WARNING * * *
The freezing wraith hits you!
* * * LOW HITPOINT WARNING * * *
The freezing wraith drains your vigour!
You feel yourself slow down. The ice beast closely misses you.
The ice statue gestures at you.
The bolt of cold hits the freezing wraith.
The freezing wraith completely resists.
The bolt of cold misses you.
You are engulfed in freezing vapours.
You resist.
You die...

##....)[.....##
#.....©.....#
##...8©8...##
###########
#8.☼☼.(8#
#8..☼....8
##8°°.☼.....
#°Y°°.!=$...
#@W°8.[().8.
######


You could see an ice statue, a freezing wraith and an ice beast (summoned).

Vanquished Creatures
  Pikel (D:3)
  An ugly thing (IceCv)
  A cyclops (D:9)
  2 cane toads (Lair:1)
  Psyche (D:8)
  A rime drake (Lair:1)
  A komodo dragon (Lair:1)
  2 kobold demonologists
  2 trolls
  2 hornets
  2 meliai zombies (D:10)
  A wyvern (D:9)
  8 yaks
  Grum (D:8)
  Menkaure (D:5)
  A harpy simulacrum (IceCv)
  10 water moccasins
  An orc warrior (D:9)
  A sky beast (D:8)
  3 black bears
  An ice beast (D:8)
  2 ogres
  4 centaurs
  4 wolves (D:8)
  A phantom (D:6)
  A lemure (D:4)
  15 kobold brigands (D:9)
  A bullfrog (D:9)
  6 scorpions
  A killer bee (D:10)
  An elephant simulacrum (IceCv)
  8 wights
  2 howler monkeys
  8 electric eels (D:8)
  3 centaur zombies
  A bullfrog zombie (D:5)
  A centaur skeleton (D:4)
  3 hounds
  A gnoll shaman (D:6)
  3 orc priests
  Terence (D:2)
  5 iguanas
  6 orc wizards
  A wolf simulacrum (IceCv)
  A killer bee zombie (D:6)
  A howler monkey zombie (D:7)
  Robin (D:2)
  14 gnolls
  9 adders
  2 white imps
  2 ufetubi
  3 worms
  2 dart slugs
  25 orcs
  A bat (D:1)
  7 endoplasms
  3 giant cockroaches
  14 goblins
  9 hobgoblins
  4 jackals (D:1)
  26 kobolds
  6 quokkas
  9 ball pythons
  3 frilled lizards (D:1)
  4 rats
  A toadstool (D:1)
270 creatures vanquished.

Vanquished Creatures (others)
  50 fungi
  73 plants
  3 toadstools (D:1)
126 creatures vanquished.

Grand Total: 396 creatures vanquished

Notes
Turn   | Place    | Note
-------+----------+-------------------------------------------
     0 | D:1      | Host24 the Kobold Hunter began the quest for the Orb.
     0 | D:1      | Reached XP level 1. HP: 12/12 MP: 1/1
   111 | D:1      | Reached skill level 5 in Crossbows
   468 | D:1      | Reached XP level 2. HP: 14/18 MP: 2/2
   883 | D:1      | Reached XP level 3. HP: 19/23 MP: 3/3
  1326 | D:1      | Found a faded altar of an unknown god.
  1750 | D:2      | Found Terim's Book Shop.
  2044 | D:2      | Reached XP level 4. HP: 14/28 MP: 4/4
  2308 | D:2      | Found Cohi's Distillery.
  2343 | D:2      | Reached skill level 6 in Crossbows
  2487 | D:2      | Noticed Robin
  2491 | D:2      | Noticed Terence
  2492 | D:2      | Found Vifimued's General Store.
  2722 | D:2      | Killed Terence
  2723 | D:2      | Reached XP level 5. HP: 11/32 MP: 5/5
  3137 | D:2      | Reached skill level 7 in Crossbows
  3159 | D:2      | Found Doupexo's Armour Boutique.
  3522 | D:2      | Killed Robin
  3687 | D:3      | Reached XP level 6. HP: 35/37 MP: 6/6
  4830 | D:4      | Reached skill level 8 in Crossbows
  5421 | D:4      | Found a staircase to the Ecumenical Temple.
  5435 | Temple   | Entered the Ecumenical Temple
  6141 | D:4      | Noticed Pikel
  6247 | D:4      | Reached skill level 9 in Crossbows
  6247 | D:4      | Reached XP level 7. HP: 39/41 MP: 7/7
  6950 | D:3      | Killed Pikel
  6951 | D:3      | Reached skill level 11 in Crossbows
  6951 | D:3      | Reached XP level 8. HP: 25/46 MP: 8/8
  7611 | D:5      | Entered Level 5 of the Dungeon
  7696 | D:5      | Noticed Blork the orc
  7751 | D:5      | Noticed Menkaure
  7760 | D:5      | Killed Menkaure
  7957 | D:5      | Reached skill level 5 in Fighting
  8231 | D:5      | Noticed Duvessa
  8298 | D:5      | Reached XP level 9. HP: 47/55 MP: 9/9
  8335 | D:5      | Identified the +3 dagger "Wonudow" {vorpal, Dex+2}
  8509 | D:5      | Noticed Dowan
  8665 | D:6      | Reached skill level 5 in Dodging
  9207 | D:6      | Reached skill level 12 in Crossbows
  9854 | D:7      | Identified the +0 scale mail of Zial {-Tele rN+++ Str-4
                  | Int+3}
  9996 | D:7      | Reached skill level 5 in Stealth
 10385 | D:7      | Reached skill level 1 in Invocations
 10615 | D:8      | Found an iron altar of Okawaru.
 10615 | D:8      | Found a radiant altar of Vehumet.
 10651 | D:8      | Became a worshipper of Warmaster Okawaru
 11166 | D:8      | Noticed Joseph
 11328 | D:8      | Noticed a troll
 11402 | D:8      | Reached XP level 10. HP: 60/60 MP: 12/12
 11439 | D:8      | Noticed Psyche
 11564 | D:8      | Killed Psyche
 11565 | D:8      | Reached skill level 5 in Invocations
 11683 | D:8      | Reached * piety under Okawaru
 11725 | D:8      | Noticed Grum
 12598 | D:8      | Killed Grum
 13679 | D:8      | Reached skill level 13 in Crossbows
 13978 | D:9      | Noticed a kobold demonologist
 14636 | D:9      | Reached ** piety under Okawaru
 15206 | D:9      | Killed a kobold demonologist
 15207 | D:9      | Reached XP level 11. HP: 42/68 MP: 13/15
 15688 | D:9      | Noticed a cyclops
 15699 | D:9      | Killed a cyclops
 15746 | D:9      | Reached *** piety under Okawaru
 16328 | D:9      | Reached skill level 10 in Fighting
 16710 | D:10     | Entered Level 10 of the Dungeon
 16842 | D:10     | Noticed a two-headed ogre
 18145 | D:10     | Reached **** piety under Okawaru
 18371 | D:9      | Reached skill level 10 in Dodging
 18544 | D:10     | Received a gift from Okawaru
 18582 | D:10     | Noticed Erolcha
 18778 | D:10     | Found a staircase to the Lair.
 19584 | D:11     | Found Duoff's Book Shoppe.
 20039 | D:11     | Noticed Maurice
 20121 | Lair:1   | Entered Level 1 of the Lair of Beasts
 20574 | Lair:1   | Noticed a four-headed hydra
 20678 | Lair:1   | Reached XP level 12. HP: 34/78 MP: 11/18
 20697 | Lair:1   | Noticed an eight-headed hydra
 20800 | Lair:1   | You fall into a shaft and drop 1 floor!
 20810 | Lair:2   | Identified 2 scrolls of acquirement
 20813 | Lair:2   | Acquired an amulet of regeneration
 20996 | Lair:2   | Found a frozen archway.
 21001 | IceCv    | Entered an ice cave
 21094 | IceCv    | Found a transporter.
 21215 | IceCv    | Engulfed by an ice statue's freezing vapour

Illustrated notes

Levels and vault maps discovered:
D:1:      ldierk_water_garden, layout_loops_corners,
          chequers_ecumenical_altar_island
D:2:      layout_basic, serial_shops, nicolae_diamond_shop, nicolae_shop_stone,
          shop, shop, kennysheep_generic_room_16, uniq_robin, uniq_terence
D:3:      layout_basic, chequers_serial_rivers_micro_a, nrook_mini_vaults
D:4:      layout_rooms, minmay_temple_entry_sparse_star,
          kennysheep_small_circle, uniq_pikel
D:5:      layout_rooms, hangedman_decor_push, uniq_menkaure, uniq_blork_the_orc,
          uniq_duvessa
D:6:      layout_cave_pools
D:7:      layout_basic, nicolae_elevator_lobby_plus
D:8:      layout_loops_corners, gammafunk_temple_overflow_wave, serial_bayou,
          serial_bayou_lake_a, serial_bayou_ford_a, serial_bayou_lagoon_b,
          serial_bayou_pond_c, uniq_grum, uniq_joseph, uniq_psyche
D:9:      layout_roguey [special_room_kobold]
D:10:     layout_stronghold, due_lair_maze_entry_diamond,
          roderic_serpentine_path, wad_rectangle_vault, uniq_erolcha
D:11:     minmay_ice_pillars, layout_layer_cave, serial_shops,
          nicolae_shop_behind_doors, uniq_snorg, uniq_maurice
Temple:   mainiacjoe_temple_big_plus
Lair:1:   layout_cave_pods, grunt_megastairs_2, uniq_fannar
Lair:2:   layout_regular_city, minmay_snake_entry_six_corridors,
          portal_ice_cave_entry_pillars_2, serial_bayou_shore_b
IceCv:    ice_cave_statue_garden_transporter

Skill      XL: |  1  2  3  4  5  6  7  8  9 10 11 12 |
---------------+-------------------------------------+-----
Crossbows      | 5 6 7 9 11 12 13 | 13.0
Fighting       | 3 6 8 10 11 | 11.3
Dodging        | 3 4 6 7 10 | 10.0
Stealth        | 6 |  6.2
Invocations    | 3 6 8 |  8.4

Action                   |  1- 3 |  4- 6 |  7- 9 | 10-12 || total
-------------------------+-------+-------+-------+-------++-------
Melee: Short sword       |    35 |       |       |       ||    35
       Dagger            |    97 |   273 |   236 |   495 ||  1101
       Punch             |       |     4 |     4 |     7 ||    15
       Whip              |       |       |       |     8 ||     8
 Fire: Hand crossbow     |     3 |    28 |   106 |   392 ||   529
Throw: Stone             |       |       |     1 |     1 ||     2
Invok: Heroism           |       |       |       |    10 ||    10
       Finesse           |       |       |       |     5 ||     5
  Use: Potion            |       |       |       |    11 ||    11
       Scroll            |       |       |       |    17 ||    17
 Stab: Sleeping          |     6 |    13 |     9 |     6 ||    34
       Distracted        |       |       |       |     2 ||     2
Armor: Leather armour    |    34 |   100 |    53 |       ||   187
       Robe              |       |       |    15 |   181 ||   196
       Scale mail        |       |       |       |    15 ||    15
Dodge: Dodged            |   109 |   261 |   237 |   724 ||  1331
